 Dungeon Crawl Stone Soup version 0.26-a0-771-g060e6a62af (webtiles) character file.

Game seed: 7177018789279804073

271936 marklar909 the Brawler (level 19, -15/163 HPs)
             Began as a Yellow Draconian Conjurer on Nov 9, 2020.
             Was the Champion of Qazlal.
             Killed from afar by a deep elf high priest (33 damage)
             ... with damnation
             ... on level 3 of the Elven Halls.
             The game lasted 02:14:10 (64332 turns).

marklar909 the Brawler (Yellow Draconian Conjurer) Turns: 64332, Time: 02:14:11

Health: -15/163    AC: 24    Str: 23    XL:     19   Next: 46%
Magic:  31/31      EV: 18    Int: 22    God:    Qazlal [******]
Gold:   3588       SH: 29    Dex: 11    Spells: 13/34 levels left

rFire    . . .     SeeInvis +     - Unarmed
rCold    . . .     Faith    .   P - +2 kite shield {AC+3}
rNeg     . . .     Spirit   .   (armour unavailable)
rPois    +         Reflect  +   C - +2 hat
rElec    +         Harm     .   c - +2 cloak
rCorr    +         Rampage  .   I - +2 pair of gloves
MR       +++..                  R - +2 pair of boots "Omaeph" {MR+ rCorr Int+4}
Stlth    +.........             l - amulet of reflection
HPRegen  0.37/turn              W - ring of Heff {Str+6 Slay+2 Stlth+}
MPRegen  0.22/turn              U - ring of Qivah {rElec rPois MR+ SInv}

@: short of breath, protected from electricity, repel missiles
A: spit acid, unfitting armour, acidic bite, cold-blooded, acid resistance, AC
+10
}: 2/15 runes: decaying, serpentine
a: Breathe Acid, Upheaval, Elemental Force, Disaster Area, Renounce Religion


You were on level 3 of the Elven Halls.
You worshipped Qazlal.
Qazlal was exalted by your worship.
You visited 7 branches of the dungeon, and saw 35 of its levels.

You collected 5428 gold pieces.
You spent 1840 gold pieces at shops.

Inventory:

Armour
 c - a +2 cloak (worn)
 x - the cursed +0 pair of gloves of Darkness {Int+4}
   (You bought it in a shop on level 3 of the Elven Halls)

   It affects your intelligence (+4).
   It has a curse placed upon it.
 C - a +2 hat (worn)
 I - a +2 pair of gloves (worn)
 P - a +2 kite shield of protection (worn)
 R - the +2 pair of boots "Omaeph" (worn) {MR+ rCorr Int+4}
   (You found it on level 3 of the Swamp)

   It affects your intelligence (+4).
   It affects your resistance to hostile enchantments.
   It provides partial protection from all sources of acid and corrosion.
Jewellery
 l - an amulet of reflection (around neck)
 r - an uncursed amulet of guardian spirit
 A - an uncursed amulet of faith
 B - the ring "Dophoc" {MR+ MP+9 Int+3}
   (You found it on level 3 of the Lair of Beasts)

   [ring of magical power]

   It affects your intelligence (+3).
   It affects your resistance to hostile enchantments.
   It affects your magic capacity (+9).
 U - the ring of Qivah (right hand) {rElec rPois MR+ SInv}
   (You acquired it on level 2 of the Snake Pit)

   [ring of see invisible]

   It insulates you from electricity.
   It protects you from poison.
   It affects your resistance to hostile enchantments.
   It lets you see invisible.
 W - the ring of Heff (left hand) {Str+6 Slay+2 Stlth+}
   (You acquired it on level 14 of the Dungeon)

   [ring of strength]

   It affects your strength (+6).
   It affects your accuracy and damage with ranged weapons and melee attacks
   (+2).
   It makes you more stealthy.
 X - the ring of Wuacu {Int+6 Dex+3}
   (You took it off a deep elf blademaster on level 3 of the Elven Halls)

   [ring of intelligence]

   It affects your intelligence (+6).
   It affects your dexterity (+3).
 Y - the ring of Exap {+Blink +Fly MP-9 Int+4}
   (You took it off a deep elf sorcerer on level 3 of the Elven Halls)

   [ring of flight]

   It affects your intelligence (+4).
   It affects your magic capacity (-9).
   It lets you fly.
   It lets you blink.
Wands
 h - a wand of disintegration (9)
 u - a wand of iceblast (42)
 D - a wand of random effects (22)
 K - a wand of acid (21)
 Z - a wand of digging (7)
Scrolls
 a - 20 scrolls of remove curse
 b - 11 scrolls of identify
 f - a scroll of enchant armour
 i - 11 scrolls of fog
 j - 3 scrolls of enchant weapon
 k - 4 scrolls of amnesia
 p - 11 scrolls of teleportation
 v - 4 scrolls of fear
 y - 6 scrolls of blinking
 E - a scroll of brand weapon
 G - 3 scrolls of magic mapping
 L - 7 scrolls of immolation
Potions
 d - 10 potions of brilliance
 e - 6 potions of might
 g - 8 potions of lignification
 m - a potion of invisibility
 n - 2 potions of berserk rage
 o - 14 potions of heal wounds
 q - a potion of magic
 t - 9 potions of flight
 w - 2 potions of cancellation
 z - 9 potions of curing
 F - 5 potions of haste
 N - 2 potions of resistance
 Q - 2 potions of ambrosia
 T - 2 potions of attraction
 V - 2 potions of mutation
Miscellaneous
 s - a condenser vane
 H - a box of beasts
 J - a phial of floods
 M - a lightning rod (2/4)
 O - a phantom mirror
 S - a tin of tremorstones (1/2)


   Skills:
 * Level 13.0 Fighting
 + Level 12.0 Dodging
 - Level 4.0 Stealth
 + Level 15.8 Shields
 + Level 17.4 Unarmed Combat
 + Level 8.2 Spellcasting
 + Level 11.9 Conjurations
 + Level 3.2 Hexes
 + Level 4.7 Translocations
 * Level 9.2 Transmutations
 * Level 8.8 Earth Magic
 * Level 10.9 Invocations
 + Level 4.0 Evocations


You had 13 spell levels left.
You knew the following spells:

 Your Spells              Type           Power        Failure   Level
a - Magic Dart            Conj           ####         1%          1
b - Searing Ray           Conj           ######       1%          2
c - Dazzling Flash        Conj/Hex       #####.       1%          3
d - Fulminant Prism       Conj/Hex       #####.....   3%          4
e - Iskenderun's Mystic   Conj/Tloc      #####...     2%          4
f - Passwall              Tmut/Erth      #####...     1%          2
g - Lee's Rapid Deconstr  Erth           #####.....   5%          5

Your spell library contained the following spells:

 Spells                   Type           Power        Failure   Level
 Apportation              Tloc           ####..       1%          1
 Corona                   Hex            ###....      1%          1
 Foxfire                  Conj/Fire      ####         1%          1
 Blink                    Tloc           N/A          1%          2
 Conjure Flame            Conj/Fire      #####...     1%          3
 Static Discharge         Conj/Air       #####...     1%          3
 Petrify                  Tmut/Erth      #####...     1%          4
 Slow                     Hex            ###.....     2%          2
 Gell's Gravitas          Tloc           ####......   3%          3
 Mephitic Cloud           Conj/Pois/Air  ####....     4%          3
 Portal Projectile        Hex/Tloc       ####..       4%          3
 Confusing Touch          Hex            ###.....     5%          3
 Leda's Liquefaction      Hex/Erth       #####.....   6%          4
 Animate Skeleton         Necr           #.....       8%          1
 Summon Small Mammal      Summ           #...         8%          1
 Call Imp                 Summ           #.......     11%         2
 Swiftness                Air            #.......     11%         2
 Inner Flame              Hex/Fire       ###.....     11%         3
 Passage of Golubria      Tloc           N/A          11%         4
 Bolt of Magma            Conj/Fire/Erth #####.....   12%         5
 Yara's Violent Unravell  Hex/Tmut       #####.....   16%         5
 Cause Fear               Hex            ###.......   19%         4
 Summon Forest            Summ/Tloc      ###.......   58%         5
 Metabolic Englaciation   Hex/Ice        ###.......   71%         5
 Summon Mana Viper        Hex/Summ       ###.....     71%         5
 Summon Demon             Summ           #.........   90%         5
 Invisibility             Hex            ###.....     96%         6
 Shadow Creatures         Summ           N/A          100%        6
 Summon Hydra             Summ           #.........   100%        7


Dungeon Overview and Level Annotations

Branches:
Dungeon (15/15)            Temple (1/1) D:7            Lair (6/6) D:9
  Swamp (4/4) Lair:4        Snake (4/4) Lair:3        Slime (0/5) Lair:6
    Orc (2/2) D:10            Elf (3/3) Orc:2        Vaults (0/5) D:14
 Depths (0/5) D:15

Altars:
Ashenzari
Cheibriados
Dithmenos
Elyvilon
Fedhas
Gozag
Hepliaklqana
Kikubaaqudgha
Makhleb
Nemelex Xobeh
Okawaru
Qazlal
Ru
Sif Muna
Uskayaw
Vehumet
Wu Jian
Xom
Yredelemnul
Zin
The Shining One
Beogh
Jiyva

Shops:
D:11 [[(   Orc:2 [(}[   Elf:1 }   Elf:3 (!(*}   Snake:4 }==

Annotations:
D:5 1 runed translucent door, kd29's ghost, amateur DrTm
D:9 exclusion: statue
Lair:6 1 runed translucent door
Elf:2 3 runed translucent doors


Innate Abilities, Weirdness & Mutations

You can spit globs of acid.
Your golden yellow scales are hard. (AC +10)
You cannot fit into any form of body armour.
You have acidic saliva.
You are cold-blooded and may be slowed by cold attacks.
You are resistant to acid. (rCorr)


Message History

The bolt of lightning misses you. The deep elf sorcerer misses you.
Things that are here:
a +0 longbow; a +0 leather armour; 27 arrows Unknown command.
The deep elf demonologist mumbles some strange words.
The deep elf sorcerer gestures at you while chanting.
The sphere of damnation explodes!
The damnation engulfs you!!
Items here: ))) [.
The deep elf sorcerer points at you and mumbles some strange words.
The bolt of acid is repelled.
The deep elf high priest invokes the aid of its god against you.
The sphere of damnation explodes!
The damnation engulfs you!!
* * * LOW HITPOINT WARNING * * *
The deep elf demonologist mumbles some strange words.
The deep elf high priest calls down the wrath of its god upon you.
The sphere of damnation explodes!
The damnation engulfs you!
* * * LOW HITPOINT WARNING * * *
The deep elf high priest invokes the aid of its god against you.
The sphere of damnation explodes!
The damnation engulfs you!!
You die...

...# ######e###### #... ...#
##...≈§e≈≈...#. #... ...#
.....§§e≈≈..... #... ...#
#..e≈§)§≈...# #... ...#
#..e≈○e≈≈...# #... ...# #)# #...
...# #e# #... ...# #.# #... ...#
#@# #... ...# #.# #... ...# #)#
#... ...# ##(## #... ...# ##(..#
#... ...###########..#..# #...
.......).).....###.# #...
...###########################...
.................................


You could see a deep elf sorcerer (fast, empowered), a deep elf elementalist
(fast, empowered, repels missiles) and 2 deep elf high priests.

Vanquished Creatures
  Nikola (Snake:2)
  3 deep elf blademasters (Elf:3)
  2 deep elf master archers (Elf:3)
  Frances (Swamp:1)
  2 thorn hunters (Swamp:3)
  5 nagarajas
  Aizul (Snake:2)
  Louise (D:15)
  2 deep elf sorcerers (Elf:3)
  An orc warlord (Orc:2)
  2 deep elf elementalists
  3 deep elf demonologists (Elf:3)
  4 deep elf annihilators
  3 bunyips
  Azrael (D:11)
  Snorg (Orc:2)
  4 deep elf death magi (Elf:3)
  3 fire dragons
  An eleionoma (Swamp:1)
  A yaktaur captain (D:15)
  Erolcha (Orc:2)
  5 anacondas
  An ice dragon (Swamp:3)
  19 hydras
  13 naga warriors
  A catoblepas (Lair:6)
  6 centaur warriors
  6 boulder beetles
  7 alligators
  2 death knights
  3 two-headed ogres
  9 death yaks
  An ogre mage (D:14)
  Urug (Orc:1)
  An orc high priest (Orc:1)
  17 dancing weapons
  9 shock serpents
  3 goliath frogs
  21 naga sharpshooters
  6 slime creatures
  9 skeletal warriors
  5 deep elf knights
  2 salamander mystics
  3 unseen horrors
  9 sea snakes
  A storm dragon skeleton (D:15)
  A fire crab (shapeshifter) (D:14)
  A spriggan druid (Swamp:3)
  11 swamp dragons
  4 bog bodies
  12 deep elf archers
  6 naga ritualists
  A necromancer (D:15)
  2 orc knights
  A phantasmal warrior (D:15)
  7 orc sorcerers
  A will-o-the-wisp (Swamp:1)
  64 deep elf magi
  10 cyclopes
  A stone giant zombie (D:15)
  16 salamanders
  6 mana vipers
  6 ugly things
  A wolf spider (D:14)
  2 manticores
  30 naga magi
  14 elephants
  A stone giant skeleton (D:15)
  35 black mambas
  4 guardian serpents
  A gargoyle (D:13)
  9 cane toads
  A freezing wraith (D:13)
  10 komodo dragons
  An efreet (D:14)
  A rime drake (shapeshifter) (D:13)
  4 rime drakes
  2 bloated husks
  5 polar bears
  11 hornets
  6 trolls
  5 tyrant leeches
  Prince Ribbit (D:8)
  A fire dragon zombie (D:15)
  6 dream sheep (Lair:6)
  12 blink frogs
  2 water elementals (Elf:2)
  An air elemental (Elf:1)
  12 spriggans
  A wyvern (D:10)
  4 shadows
  40 yaks
  3 wraiths (D:14)
  Eustachio (D:5)
  7 basilisks
  2 vampires (D:13)
  2 fire elementals
  6 vampire mosquitoes
  4 wargs
  14 swamp worms
  A soldier ant (D:13)
  44 nagas
  17 water moccasins
  3 hell hounds (D:12)
  5 swamp drakes
  A sky beast (D:12)
  4 ice beasts
  28 orc warriors
  2 hornet zombies (D:14)
  A necrophage (D:12)
  An eye of draining (D:11)
  4 black bears
  30 wolves
  5 boggarts
  11 ogres
  An ogre (shapeshifter) (D:14)
  2 phantoms
  3 centaurs
  Blork the orc (D:4)
  A big kobold (D:3)
  A gnoll sergeant (D:8)
  21 bullfrogs
  2 earth elementals (Elf:3)
  A water moccasin skeleton (D:8)
  3 scorpions
  7 wights (D:13)
  4 killer bees (D:11)
  8 electric eels
  4 howler monkeys
  5 centaur zombies
  A quasit (D:13)
  5 bullfrog zombies
  5 jellies
  4 bullfrog skeletons
  27 orc priests
  24 orc wizards
  6 hounds
  3 centaur skeletons
  7 worker ants
  2 hound skeletons
  3 worker ant zombies
  Robin (D:4)
  8 gnolls
  15 adders
  A shadow imp (D:10)
  2 white imps
  2 ufetubi
  An adder skeleton (D:5)
  4 worms
  A dart slug (D:1)
  4 leopard geckos
  94 orcs
  6 bats
  4 giant cockroaches
  15 goblins
  10 hobgoblins
  3 jackals
  5 quokkas
  A ball python (D:2)
  4 frilled lizards
  A giant cockroach zombie (D:6)
  8 kobolds
  A leopard gecko skeleton (D:7)
  A quokka skeleton (D:8)
  6 rats
  A crawling corpse (Elf:3)
1122 creatures vanquished.

Vanquished Creatures (collateral kills)
  Bai Suzhen (Swamp:3)
  Jorgrun (D:15)
  2 hydras
  An orc knight (D:14)
  A centaur zombie (D:14)
  A shadow (D:14)
  A warg (Orc:2)
  An orc wizard (Orc:2)
9 creatures vanquished.

Vanquished Creatures (others)
  A deep elf mage (Elf:2)
  A mana viper (Snake:2)
  2 spriggans (Lair:6)
  4 foxfires (Swamp:1)
  37 fulminant prisms
  38 fungi
  182 plants
  12 withered plants (D:15)
277 creatures vanquished.

Grand Total: 1408 creatures vanquished

Notes
Turn   | Place    | Note
-------+----------+-------------------------------------------
     0 | D:1      | marklar909 the Draconian Conjurer began the quest for the
                  | Orb.
     0 | D:1      | Reached XP level 1. HP: 14/14 MP: 3/3
   250 | D:1      | Reached XP level 2. HP: 7/20 MP: 0/5
  1046 | D:1      | Learned a level 2 spell: Searing Ray
  1181 | D:2      | Found a snail-covered altar of Cheibriados.
  1323 | D:2      | Reached XP level 3. HP: 16/26 MP: 1/6
  1501 | D:2      | Learned a level 3 spell: Dazzling Flash
  2061 | D:2      | Reached XP level 4. HP: 29/33 MP: 4/7
  2557 | D:3      | Noticed a big kobold
  2591 | D:3      | Killed a big kobold
  2591 | D:3      | Reached skill level 1 in Unarmed Combat
  2591 | D:3      | Reached skill level 5 in Conjurations
  2591 | D:3      | Reached XP level 5. HP: 26/38 MP: 0/9
  3738 | D:3      | Found a shimmering blue altar of Sif Muna.
  3940 | D:3      | Learned a level 4 spell: Fulminant Prism
  3991 | D:4      | Reached XP level 6. HP: 43/46 MP: 5/11
  5008 | D:4      | Noticed Blork the orc
  5023 | D:4      | Killed Blork the orc
  5023 | D:4      | Your scales start taking on a golden yellow colour.
  5023 | D:4      | Reached XP level 7. HP: 41/51 MP: 5/13
  5023 | D:4      | Gained mutation: You are resistant to acid. (rCorr) [Yellow
                  | Draconian growth]
  5024 | D:4      | Reached skill level 1 in Fighting
  5106 | D:4      | Found an opulent altar of Gozag.
  5360 | D:4      | Noticed Robin
  5375 | D:4      | Killed Robin
  5798 | D:5      | Entered Level 5 of the Dungeon
  5816 | D:5      | Found a hazy altar of Hepliaklqana.
  6088 | D:5      | Noticed Eustachio
  6096 | D:5      | Killed Eustachio
  6096 | D:5      | Reached skill level 5 in Spellcasting
  6655 | D:5      | Reached XP level 8. HP: 45/59 MP: 7/16
  6870 | D:5      | Found a runed translucent door.
  6876 | D:5      | Noticed kd29's ghost (amateur DrTm)
  7313 | D:6      | Found a sparkling altar of Nemelex Xobeh.
  7674 | D:6      | Found a shimmering altar of Xom.
  8094 | D:6      | Reached skill level 1 in Shields
  8661 | D:7      | Found a staircase to the Ecumenical Temple.
  8751 | Temple   | Entered the Ecumenical Temple
  9031 | Temple   | Became a worshipper of Qazlal Stormbringer
  9555 | D:8      | Reached skill level 2 in Unarmed Combat
  9711 | D:8      | Reached XP level 9. HP: 66/68 MP: 10/18
  9716 | D:8      | Found a sand-covered staircase.
  9863 | D:8      | Noticed a white ugly thing
  9863 | D:8      | Noticed a green ugly thing
  9864 | D:8      | Noticed a deep elf mage
 10032 | D:8      | Reached * piety under Qazlal
 10179 | D:8      | Noticed Prince Ribbit
 10194 | D:8      | Killed Prince Ribbit
 10194 | D:8      | Reached skill level 3 in Unarmed Combat
 10480 | D:8      | Found a glowing golden altar of the Shining One.
 10945 | D:8      | Paralysed by a hornet for 3 turns
 12010 | D:9      | Found a staircase to the Lair.
 12010 | D:9      | Noticed a komodo dragon
 12035 | D:9      | Killed a komodo dragon
 12532 | D:9      | Found a radiant altar of Vehumet.
 12901 | D:10     | Entered Level 10 of the Dungeon
 12935 | D:10     | Noticed a troll
 12942 | D:10     | Killed a troll
 13005 | D:10     | Reached XP level 10. HP: 80/80 MP: 16/19
 13111 | D:10     | Reached skill level 4 in Unarmed Combat
 13213 | D:10     | Reached skill level 5 in Fighting
 13213 | D:10     | Reached skill level 5 in Dodging
 13304 | D:10     | Found a staircase to the Orcish Mines.
 13459 | D:10     | Learned a level 4 spell: Iskenderun's Mystic Blast
 13520 | D:10     | Reached ** piety under Qazlal
 14203 | D:11     | Found Lirphur's Antique Armour Emporium.
 14204 | D:11     | Noticed a cyclops
 14209 | D:11     | Killed a cyclops
 14367 | D:11     | Bought a pair of gloves for 108 gold pieces
 14382 | D:11     | Found Dugumosa's Weapon Emporium.
 14449 | D:11     | Reached skill level 5 in Shields
 14558 | D:11     | Noticed a manticore
 14576 | D:11     | Killed a manticore
 15330 | D:11     | Found Gocsing's Armour Shop.
 15600 | D:11     | Reached skill level 5 in Unarmed Combat
 16144 | Lair:1   | Entered Level 1 of the Lair of Beasts
 16144 | Lair:1   | Noticed a cane toad
 16165 | D:9      | Killed a cane toad
 16527 | D:12     | Noticed a deep elf mage
 16534 | D:12     | Killed a deep elf mage
 16534 | D:12     | Reached XP level 11. HP: 80/89 MP: 8/20
 16573 | D:12     | Noticed Azrael
 16811 | D:11     | Killed Azrael
 16811 | D:11     | Reached skill level 1 in Hexes
 16811 | D:11     | Reached skill level 1 in Evocations
 17659 | D:9      | Reached skill level 6 in Unarmed Combat
 18370 | D:9      | Reached skill level 10 in Conjurations
 18606 | Lair:1   | Reached *** piety under Qazlal
 18942 | Lair:1   | Reached skill level 7 in Unarmed Combat
 19868 | Lair:2   | Reached skill level 1 in Translocations
 19888 | Lair:2   | Noticed a death yak
 19888 | Lair:2   | Noticed a death yak
 19896 | Lair:2   | Noticed a death yak
 19916 | Lair:2   | Killed a death yak
 19960 | Lair:2   | Killed a death yak
 19967 | Lair:2   | Reached XP level 12. HP: 66/101 MP: 1/21
 19980 | Lair:2   | Killed a death yak
 21253 | Lair:3   | Noticed an eight-headed hydra
 22661 | Lair:3   | Got a fine tin ring
 22679 | Lair:3   | Found a staircase to the Snake Pit.
 22679 | Lair:3   | Noticed a six-headed hydra
 22709 | Lair:3   | Killed a six-headed hydra
 23167 | Lair:2   | Reached skill level 8 in Unarmed Combat
 23401 | Lair:3   | Killed an eight-headed hydra
 24246 | Lair:4   | Reached **** piety under Qazlal
 24666 | Lair:4   | Found a staircase to the Swamp.
 25315 | Lair:4   | Identified the ring "Dophoc" {MR+ MP+9 Int+3} (You found it
                  | on level 3 of the Lair of Beasts)
 25335 | Lair:5   | Noticed a six-headed hydra
 25486 | Lair:5   | Noticed a seven-headed hydra
 25486 | Lair:5   | Noticed a seven-headed hydra
 26116 | Lair:4   | Killed a six-headed hydra
 26116 | Lair:4   | Reached XP level 13. HP: 70/111 MP: 19/23
 26470 | Lair:5   | Reached skill level 9 in Unarmed Combat
 26661 | Lair:5   | Reached skill level 10 in Shields
 27551 | Lair:6   | Entered Level 6 of the Lair of Beasts
 28213 | Lair:6   | Found a runed translucent door.
 28932 | Lair:6   | Reached skill level 10 in Unarmed Combat
 28963 | Lair:5   | HP: 5/113 [eight-headed hydra[a boggart] (4)]
 29470 | Lair:6   | Reached skill level 10 in Fighting
 30227 | Lair:5   | Reached ***** piety under Qazlal
 30489 | Lair:6   | Found a viscous altar of Jiyva.
 30489 | Lair:6   | Noticed an azure jelly
 30490 | Lair:6   | Noticed an azure jelly
 30491 | Lair:6   | Found a staircase to the Slime Pits.
 31392 | Lair:5   | Gained mutation: You have acidic saliva. [Yellow Draconian
                  | growth]
 31392 | Lair:5   | Reached XP level 14. HP: 121/121 MP: 15/24
 32936 | Orc:1    | Entered Level 1 of the Orcish Mines
 32938 | Orc:1    | Noticed Urug
 33449 | Orc:1    | Killed Urug
 33696 | Orc:2    | Entered Level 2 of the Orcish Mines
 33696 | Orc:2    | Noticed Snorg
 34029 | Orc:2    | Killed Snorg
 34029 | Orc:2    | Noticed Erolcha
 34187 | Orc:2    | Killed Erolcha
 34405 | Orc:2    | Paralysed by an orc sorcerer for 3 turns
 34415 | Orc:2    | Reached skill level 11 in Unarmed Combat
 34541 | Orc:2    | Reached skill level 1 in Invocations
 34904 | Orc:2    | Noticed an orc warlord
 35507 | Orc:2    | Killed an orc warlord
 35698 | Orc:2    | Found a staircase to the Elven Halls.
 35802 | Orc:2    | Found Wapsol's Antique Armour Shoppe.
 35803 | Orc:2    | Found a roughly hewn altar of Beogh.
 35804 | Orc:2    | Found Paullisia's Antique Weapon Emporium.
 35817 | Orc:2    | Bought a pair of glowing boots for 217 gold pieces
 35921 | Orc:2    | Found a roughly hewn altar of Beogh.
 35922 | Orc:2    | Found Hatow's Armour Emporium.
 35932 | Orc:2    | Bought a +2 kite shield of protection for 258 gold pieces
 36172 | Orc:2    | Found a roughly hewn altar of Beogh.
 36173 | Orc:2    | Found Beusmes's Gadget Shoppe.
 36176 | Orc:2    | Reached ****** piety under Qazlal
 36196 | Orc:2    | Found a roughly hewn altar of Beogh.
 36389 | Orc:2    | Found a roughly hewn altar of Beogh.
 37842 | D:13     | HP: 4/122 [yak (3)]
 39122 | D:13     | Identified the +0 ring mail "Fefonub" {rN+ MR+ Str+4}
 39317 | D:13     | Found a shadowy altar of Dithmenos.
 40434 | D:14     | Found a gate to the Vaults.
 40515 | D:14     | Reached XP level 15. HP: 114/129 MP: 19/25
 40621 | D:14     | Reached skill level 12 in Unarmed Combat
 40903 | D:14     | Paralysed by an efreet for 6 turns
 42120 | D:14     | Reached skill level 10 in Dodging
 42120 | D:14     | Reached skill level 5 in Invocations
 42294 | D:14     | Identified a scroll of acquirement
 42294 | D:14     | Acquired the ring of Heff {Str+6 Slay+2 Stlth+}
 43241 | D:15     | Entered Level 15 of the Dungeon
 43325 | D:15     | Found a sacrificial altar of Ru.
 43408 | D:15     | Noticed Jorgrun
 43767 | D:14     | Learned a level 2 spell: Passwall
 43773 | D:14     | Learned a level 5 spell: Lee's Rapid Deconstruction
 44213 | D:14     | Reached skill level 1 in Transmutations
 44213 | D:14     | Reached skill level 1 in Earth Magic
 44295 | D:15     | Noticed Louise
 44351 | D:15     | Killed Louise
 44393 | D:15     | Killed Jorgrun
 44748 | D:15     | Found a staircase to the Depths.
 46133 | Swamp:1  | Entered Level 1 of the Swamp
 46148 | Swamp:1  | Reached XP level 16. HP: 124/137 MP: 27/27
 46452 | Swamp:1  | Reached skill level 13 in Unarmed Combat
 46503 | Swamp:1  | Noticed Frances
 46507 | Swamp:1  | Killed Frances
 47808 | Swamp:3  | Got a pair of scorched boots
 47831 | Swamp:3  | Identified the +2 pair of boots "Omaeph" {MR+ rCorr Int+4}
                  | (You found it on level 3 of the Swamp)
 48469 | Swamp:4  | Entered Level 4 of the Swamp
 48566 | Swamp:4  | Noticed a thorn hunter
 49022 | Swamp:3  | Killed a thorn hunter
 50122 | Swamp:4  | Noticed a thorn hunter
 50313 | Swamp:3  | Killed a thorn hunter
 50832 | Swamp:4  | Reached skill level 5 in Transmutations
 50844 | Swamp:4  | Noticed Bai Suzhen
 50888 | Swamp:3  | Killed Bai Suzhen
 50888 | Swamp:3  | Reached skill level 5 in Earth Magic
 51619 | Swamp:4  | Got a decaying rune of Zot
 51801 | Snake:1  | Entered Level 1 of the Snake Pit
 52409 | Snake:1  | Found a burning altar of Makhleb.
 52427 | Snake:1  | Reached XP level 17. HP: 144/144 MP: 24/29
 52434 | Snake:1  | Reached skill level 14 in Unarmed Combat
 53298 | Snake:2  | Noticed Aizul
 53313 | Snake:2  | Killed Aizul
 54031 | Snake:2  | Noticed Nikola
 54054 | Snake:2  | Killed Nikola
 55554 | Snake:2  | Found an opulent altar of Gozag.
 55842 | Snake:2  | Acquired the ring of Qivah {rElec rPois MR+ SInv}
 56376 | Snake:3  | Reached skill level 15 in Unarmed Combat
 58056 | Snake:4  | Entered Level 4 of the Snake Pit
 58229 | Snake:4  | Reached skill level 15 in Shields
 58240 | Snake:4  | Reached XP level 18. HP: 135/151 MP: 30/30
 58563 | Snake:4  | Reached skill level 16 in Unarmed Combat
 59810 | Snake:4  | Got a serpentine rune of Zot
 59915 | Snake:4  | Found Dylegh's Gadget Shop.
 59915 | Snake:4  | Found Kepsoez's Jewellery Emporium.
 59920 | Snake:4  | Found Bianuho's Jewellery Emporium.
 59927 | Snake:4  | Bought a condenser vane for 400 gold pieces
 60341 | Elf:1    | Entered Level 1 of the Elven Halls
 60384 | Elf:1    | Found a radiant altar of Vehumet.
 60465 | Elf:1    | Reached skill level 10 in Invocations
 61258 | Elf:1    | Found Fyptodod's Gadget Emporium.
 61399 | Elf:1    | Identified the Incunabulum of Attacks
 61689 | Elf:2    | Reached skill level 17 in Unarmed Combat
 62554 | Elf:2    | Found a runed translucent gate.
 62554 | Elf:2    | Found a runed translucent gate.
 62554 | Elf:2    | Found a runed translucent gate.
 62700 | Elf:2    | Acquired 1211 gold pieces
 62712 | Elf:3    | Entered Level 3 of the Elven Halls
 62908 | Elf:3    | Reached XP level 19. HP: 124/161 MP: 18/31
 63200 | Elf:3    | Found Litsix's Assorted Antiques.
 63220 | Elf:3    | Bought a pair of translucent gloves for 313 gold pieces
 63220 | Elf:3    | Identified the cursed +0 pair of gloves of Darkness {Int+4}
                  | (You bought it in a shop on level 3 of the Elven Halls)
 63315 | Elf:3    | Found Joesaus's Gadget Shop.
 63451 | Elf:3    | Noticed a Tzitzimitl
 63573 | Elf:3    | Found Lurautz's Antique Weapon Boutique.
 63757 | Elf:3    | Found Bomufai's Distillery.
 63761 | Elf:3    | Bought a potion of lignification for 51 gold pieces
 63761 | Elf:3    | Bought 2 potions of lignification for 102 gold pieces
 63761 | Elf:3    | Bought a potion of heal wounds for 85 gold pieces
 63761 | Elf:3    | Bought a potion of curing for 51 gold pieces
 63761 | Elf:3    | Bought a potion of haste for 170 gold pieces
 63761 | Elf:3    | Bought a potion of heal wounds for 85 gold pieces
 63776 | Elf:3    | Found Isonymp's Antique Weapon Boutique.
 63991 | Elf:3    | Identified the ring of Wuacu {Int+6 Dex+3}
 64003 | Elf:3    | Identified the ring of Exap {+Blink +Fly MP-9 Int+4}
 64307 | Elf:3    | Identified the cursed ring "Toyschak" {*Drain rPois rN++
                  | Str+2 Int-4}
 64329 | Elf:3    | Identified the +2 lajatang "Beastslayer" {venom, MP+9
                  | Dex+3}
 64332 | Elf:3    | Killed from afar by a deep elf high priest

Illustrated notes

Levels and vault maps discovered:
D:1:      ncdulo_smallfort, layout_basic
D:2:      layout_rooms, nicolae_overflow_hidden_temple, lemuel_doored_altar
D:3:      lemuel_upstairs_altar, layout_rooms, serial_co_window_serial,
          co_window_of_opportunity_a, co_window_paths_a, co_window_paths_a,
          co_window_paths_a, co_window_corner_a, co_window_broadway_c,
          co_window_corner_cb, co_window_2corner, co_window_sun,
          glass_columns_a, glass_columns_a, glass_columns_a, st_stairs_3,
          led_sif_pool
D:4:      layout_gridville, nicolae_gozag_cash_rules_everything_around_me,
          uniq_robin, uniq_blork_the_orc
D:5:      layout_basic, kennysheep_little_box, ebering_ghost_sewer_d,
          kennysheep_generic_room_8, uniq_eustachio
D:6:      layout_loops_corners, basic_altar, minivault_11, xom_teletrap_fun
D:7:      layout_basic, minmay_temple_entry_stoned_glass, minmay_door_square
D:8:      minmay_chambers_of_sevens, layout_basic, kennysheep_mini,
          nicolae_ossuary_entry_false_entrances, uniq_prince_ribbit1
D:9:      layout_loops_ring, vehumet_statue, david_lair_shrubbed
D:10:     layout_grid_maze, orc_0_dummy
D:11:     layout_loops_corners, serial_shops, kennysheep_mini_moat,
          nicolae_shop_trees, nicolae_shop_statue_plus
D:12:     layout_big_octagon, uniq_azrael
D:13:     layout_basic, nicolae_dithmenos_through_a_glass_darkly
D:14:     minmay_the_grid_square_5x5_5x5_mashed [minmay_the_grid_square_5x5_c,
          minmay_the_grid_square_5x5_seven, minmay_the_grid_square_5x5_minimal,
          minmay_the_grid_square_5x5_checkered_sparse,
          minmay_the_grid_square_5x5_minivault, minmay_the_grid_square_5x5_v,
          minmay_the_grid_square_5x5_prize_snowflake,
          minmay_the_grid_square_5x5_inner_i,
          minmay_the_grid_square_5x5_prize_rear_guard,
          minmay_the_grid_square_5x5_almost_minimal,
          minmay_the_grid_square_5x5_eight_small,
          minmay_the_grid_square_5x5_inner_v,
          minmay_the_grid_square_5x5_prize_pseudospiral,
          minmay_the_grid_square_5x5_two_small,
          minmay_the_grid_square_5x5_hourglass,
          minmay_the_grid_square_5x5_half_checkered,
          minmay_the_grid_square_5x5_prize_deathbox,
          minmay_the_grid_square_5x5_bite,
          minmay_the_grid_square_5x5_prize_itemx,
          minmay_the_grid_square_5x5_empty,
          minmay_the_grid_square_5x5_six_small,
          minmay_the_grid_square_5x5_inner_z,
          minmay_the_grid_square_5x5_misaligned,
          minmay_the_grid_square_5x5_fancy_junction,
          minmay_the_grid_square_5x5_bracketed], layout_irregular_city,
          serial_bayou_pond_a, hangedman_decor_peaks_small
D:15:     gammafunk_depths_entry_grave, layout_stronghold,
          nicolae_ru_sacrificial_ziggurat, kennysheep_inner_square, uniq_louise,
          uniq_jorgrun
Temple:   regret_index_temple_waves
Lair:1:   layout_hall_layers, minmay_holes, chequers_serial_rivers_micro_e
Lair:2:   layout_cave_pods
Lair:3:   layout_hall_layers, guppyfry_snake_entry_garden
Lair:4:   layout_concentric_octagons, minmay_swamp_entry_eels
Lair:5:   layout_regular_city, grunt_megastairs_5
Lair:6:   minmay_lair_end_enchanted_forest, layout_big_grid, slime_altar_2,
          nicolae_lair_yak_garden
Swamp:1:  layout_basic_swamp, serial_swamp_ruin, evilmike_swamp_ruin_house_2,
          evilmike_swamp_ruin_house_4, uniq_frances
Swamp:2:  layout_basic_swamp, evilmike_swamp_ruin_house_1
Swamp:3:  layout_basic_swamp, evilmike_swamp_ruin_rubble_1, swamp_pool2
Swamp:4:  swamp_alternative, layout_basic_swamp, uniq_bai_suzhen
Snake:1:  layout_layer_cave, basic_altar, drop_trap, nicolae_snake_squiggles,
          serial_bayou_lagoon_b
Snake:2:  layout_rooms, basic_altar, grunt_megastairs_4, serial_bayou_shore_a,
          uniq_aizul, uniq_nikola
Snake:3:  layout_grid_maze, serial_bayou_lagoon_a, st_stairs_9
Snake:4:  snake_pit, layout_misc_corridors, st_stairs_8, minmay_shop_grove
Orc:1:    layout_caves, uniq_urug
Orc:2:    grunt_orc_community_town_hall, layout_caves,
          grunt_orc_community_big_house_1, grunt_orc_community_big_house_1,
          grunt_orc_community_house_2, grunt_orc_community_house_3,
          grunt_orc_community_house_1, grunt_orc_community_house_3,
          grunt_orc_community_house_1, uniq_erolcha, uniq_snorg
Elf:1:    eino_elf_arrival_altar, layout_gridlike, serial_shops, shop,
          minmay_elf_annihilation, hangedman_elven_crosses_minicolossus
Elf:2:    layout_gridlike
Elf:3:    elf_hall_gauntlet_narrow, layout_onion_city, serial_shops, shop,
          nicolae_shop_statue_plus, shop_statue, nicolae_shop_waterfront,
          nicolae_shop_temple_entry_statues_fountains, columned_hall_lemuel,
          guppyfry_elf_garden

Skill      XL: |  1  2  3  4  5  6  7  8  9 10 11 12 13 14 15 16 17 18 19 |
---------------+----------------------------------------------------------+-----
Dodging        | 2 3 4 5 7 8 9 10 11 12 | 12.0
Stealth        | 2 3 4 |  4.0
Unarmed Combat | 1 2 3 5 7 8 10 11 12 13 15 17 | 17.4
Spellcasting   | 3 4 5 6 7 8 |  8.2
Conjurations   | 5 6 7 8 9 10 11 | 11.9
Fighting       | 1 2 4 6 7 9 10 11 12 13 | 13.0
Shields        | 2 3 6 7 9 11 12 13 14 15 | 15.8
Hexes          | 2 3 |  3.2
Evocations     | 1 2 3 4 |  4.0
Translocations | 1 3 4 |  4.7
Invocations    | 3 6 8 9 10 | 10.9
Transmutations | 3 5 7 8 9 |  9.2
Earth Magic    | 3 5 7 8 |  8.8

Action                   |  1- 3 |  4- 6 |  7- 9 | 10-12 | 13-15 | 16-18 | 19-21 || total
-------------------------+-------+-------+-------+-------+-------+-------+-------++-------
Melee: Unarmed           |    45 |     1 |     4 |   236 |   942 |  1354 |   171 ||  2753
       Tailslap          |     3 |     1 |       |    25 |   157 |   210 |    27 ||   423
       Punch             |       |       |     1 |       |       |       |       ||     1
       Bite              |       |       |       |       |    84 |   167 |    27 ||   278
 Cast: Magic Dart        |    65 |    23 |    24 |    14 |    56 |    14 |       ||   196
       Searing Ray       |     2 |    32 |    88 |   139 |   215 |    51 |     5 ||   532
       Fulminant Prism   |       |       |     3 |    17 |    15 |     2 |       ||    37
       Dazzling Flash    |       |       |       |     5 |     8 |     2 |       ||    15
       Iskenderun's Myst |       |       |       |    28 |    72 |    65 |     1 ||   166
       Lee's Rapid Decon |       |       |       |       |     1 |     2 |       ||     3
Invok: Upheaval          |       |       |       |       |     4 |     3 |       ||     7
       Elemental Force   |       |       |       |       |       |     4 |       ||     4
       Disaster Area     |       |       |       |       |       |     1 |     1 ||     2
 Abil: Breathe Acid      |       |       |    12 |    10 |    19 |    31 |     4 ||    76
Evoke: Wand              |       |       |     2 |    12 |    17 |    23 |     4 ||    58
       Box of beasts     |       |       |       |     2 |     4 |     1 |       ||     7
       Lightning rod     |       |       |       |     4 |    21 |    22 |     7 ||    54
       Phantom mirror    |       |       |       |     1 |     2 |     2 |       ||     5
       Tin of tremorston |       |       |       |       |     6 |     9 |     2 ||    17
       Phial of floods   |       |       |       |       |     1 |     2 |       ||     3
       Condenser vane    |       |       |       |       |       |     1 |     1 ||     2
  Use: Scroll            |     4 |     1 |     2 |    18 |    18 |    12 |     1 ||    56
       Potion            |     3 |       |     1 |       |       |     2 |       ||     6
 Stab: Invisible         |       |       |       |       |     3 |     1 |       ||     4
       Distracted        |       |       |       |       |       |     1 |       ||     1
Armor: Skin              |    23 |     5 |    23 |   149 |   217 |   258 |    28 ||   703
Dodge: Dodged            |    22 |    25 |   111 |   364 |   516 |   408 |    30 ||  1476
       Repelled          |       |       |       |       |    10 |    60 |     5 ||    75
Block: Other             |       |       |    26 |    39 |       |       |       ||    65
       Reflection        |       |       |     1 |     3 |    78 |   224 |    24 ||   330
       Kite shield       |       |       |       |   545 |  1607 |  1747 |   184 ||  4083

Table legend: (Time is in decaauts)
 A = Elapsed time spent in this place.
 B = Non-inter-level travel time spent in this place.
 C = Inter-level travel time spent in this place.
 D = Time resting spent in this place.
 E = Time spent auto-exploring this place.
 F = Levels seen in this place.
 G = Mean time per level.
                   A        B        C        D        E       F      G
               +--------+--------+--------+--------+--------+-----+--------+
         Total |  64078 |  59618 |   4460 |  22510 |  27798 |  35 | 1830.8 |
       Dungeon |  28134 |  25706 |   2428 |   8202 |  13948 |  15 | 1875.6 |
        Temple |    317 |     48 |    269 |      0 |     45 |   1 |  317.0 |
          Lair |  14711 |  13697 |   1014 |   6340 |   5146 |   6 | 2451.8 |
         Swamp |   5757 |   5603 |    154 |   2749 |   2131 |   4 | 1439.2 |
     Snake Pit |   7774 |   7468 |    306 |   3082 |   3099 |   4 | 1943.5 |
  Orcish Mines |   3534 |   3397 |    137 |   1669 |   1011 |   2 | 1767.0 |
   Elven Halls |   3847 |   3698 |    149 |    468 |   2416 |   3 | 1282.3 |
               +--------+--------+--------+--------+--------+-----+--------+

Top non-repeatable levels by time:
  Lair:5: 3668 daAuts
  Lair:2: 3549 daAuts
 Swamp:3: 3546 daAuts
  Lair:4: 3377 daAuts
     D:9: 2897 daAuts
    D:14: 2709 daAuts
    D:11: 2693 daAuts
 Snake:1: 2684 daAuts
    D:13: 2560 daAuts
 Snake:3: 2484 daAuts
     D:8: 2355 daAuts
    D:10: 2073 daAuts
    D:15: 2037 daAuts
   Orc:1: 2019 daAuts
  Lair:6: 1809 daAuts
